 Dungeon Crawl Stone Soup version 0.24.0-2-g5b39cebb1c (webtiles) character file.

Game seed: 17714224308735612962, levelgen mode: deterministic

156 ventricule the Ruffian (level 5, -3/50 HPs)
             Began as a Troll Transmuter on Oct 31, 2019.
             Killed from afar by an orc wizard (9 damage)
             ... with a puff of flame
             ... on level 3 of the Dungeon.
             The game lasted 00:02:10 (1616 turns).

ventricule the Ruffian (Troll Transmuter)           Turns: 1616, Time: 00:02:10

Health: -3/50      AC:  6    Str: 18    XL:     5   Next: 14%
Magic:  5/5        EV: 10    Int:  9    God:
Gold:   165        SH:  0    Dex: 11    Spells: 5/6 levels left

rFire    . . .     SeeInvis .     - Unarmed
rCold    . . .     Gourm    +   (no shield)
rNeg     . . .     Faith    .   b - +0 robe
rPois    .         Spirit   .   (helmet restricted)
rElec    .         Reflect  .   (no cloak)
rCorr    .         Harm     .   (gloves unavailable)
MR       .....                  (boots unavailable)
Stlth    +.........             (no amulet)
HPRegen  0.56/turn              (no ring)
MPRegen  0.09/turn              (no ring)

@: very slightly contaminated
A: large, unfitting armour, claws 3, fast metabolism 3, gourmand, regeneration
1, shaggy fur 1, tough skin 3
a: no special abilities


You were on level 3 of the Dungeon.
You were completely stuffed.

You visited 1 branch of the dungeon, and saw 3 of its levels.

You collected 165 gold pieces.

Inventory:

Missiles
 f - 12 arrows
 Q - 83 stones (quivered)
Armour
 b - a +0 robe (worn)
Jewellery
 g - an uncursed ring of stealth {unknown}
Scrolls
 i - 6 scrolls of identify
Potions
 c - a potion of might {unknown}
 d - a potion of agility {unknown}
 j - a potion of curing {unknown}
 l - 2 potions of heal wounds
Comestibles
 e - 7 rations
 m - 2 chunks of flesh


   Skills:
 + Level 2.4 Fighting
 + Level 2.8 Dodging
 + Level 4.1 Unarmed Combat
 - Level 1.2 Spellcasting
 - Level 1.3 Transmutations


You had 5 spell levels left.
You knew the following spells:

 Your Spells              Type           Power        Failure   Level  Hunger
a - Beastly Appendage     Tmut           #.....       21%         1    ##.....

Your spell library contained the following spells:

 Spells                   Type           Power        Failure   Level  Hunger
 Sticks to Snakes         Tmut           #.......     30%         2    ###....
 Spider Form              Tmut/Pois      #.........   63%         3    ####...
 Ice Form                 Ice/Tmut       #.......     95%         4    #####..
 Blade Hands              Tmut           #.........   99%         5    ######.


Dungeon Overview and Level Annotations

Branches:
Dungeon (3/15)

Altars:
Ru


Innate Abilities, Weirdness & Mutations

You are too large for most types of armour.
You have claws for hands.
Your metabolism is lightning-fast.
You like to eat raw meat.
Your natural rate of healing is unusually fast.
You are covered in fur. (AC +1)
You have extremely tough skin. (AC +3)


Message History

The puff of flame hits you.
* * * LOW HITPOINT WARNING * * *
You take 4 damage, and have 15/50 hp.
You see here a ball python skeleton.
The orc wizard casts a spell at you. The puff of frost hits you.
* * * LOW HITPOINT WARNING * * *
You take 4 damage, and have 12/50 hp.
The orc wizard looks satisfied for a moment.
The orc wizard points at you and mumbles some strange words.
The puff of flame hits you!
* * * LOW HITPOINT WARNING * * *
You take 12 damage, and have 2/50 hp.
MASSIVE DAMAGE!!
The orc wizard casts a spell at you. The puff of flame misses you.
There is an escape hatch in the ceiling here.
The orc wizard gestures at you while chanting.
The puff of flame hits you!
You die...

#.# ..... #.#
#.### #.# .#.###
##.## .. ......
####...#####.#
......
#............#
##.###
#.##...####..# #.#
#.###.## #... #.#
#.# #@####.(# #.#
# #.# #.<.##..#
##.### #.#
###o##..#####...##
#.#
###.#.....÷...#...
#.#
#.........###...##
#.# #.#.#...#.#
##..§§
#.###.#.#...#.#
#####
#...........#.# #
##.........##.# #


You could see an orc wizard (inner flame).

Levels and vault maps discovered:
D:1:      dpeg_arrival_rhombus, layout_loops_cross
D:2:      layout_rooms, nicolae_ru_the_path_less_chosen, first_ration,
          minmay_misc_feat_encased, minmay_misc_feat_hallway
D:3:      layout_loops_ring, uniq_terence

Notes
Turn   | Place    | Note
-------+----------+-------------------------------------------
     0 | D:1      | ventricule the Troll Transmuter began the quest for the
                  | Orb.
     0 | D:1      | Reached XP level 1. HP: 18/18 MP: 1/1
    54 | D:1      | Identified a +0 dagger
    68 | D:1      | Reached skill level 1 in Fighting
   203 | D:1      | Reached XP level 2. HP: 26/27 MP: 2/2
   334 | D:1      | Identified a +0 dagger
   400 | D:1      | Reached skill level 2 in Dodging
   480 | D:1      | Identified a +0 club
   549 | D:1      | Identified a +0 club
   574 | D:1      | Identified a +0 dagger
   640 | D:1      | Reached XP level 3. HP: 33/33 MP: 3/3
   854 | D:2      | Identified a +0 short sword
   913 | D:2      | Found a sacrificial altar of Ru.
  1216 | D:2      | Reached skill level 2 in Fighting
  1216 | D:2      | Reached XP level 4. HP: 19/42 MP: 4/4
  1389 | D:3      | Identified a +0 club
  1495 | D:3      | Identified a +0 club
  1495 | D:3      | Identified a +0 leather armour
  1553 | D:3      | Identified a +0 dagger
  1553 | D:3      | Identified a +0 robe
  1553 | D:3      | Identified a +0 short sword
  1553 | D:3      | Identified a +0 club
  1553 | D:3      | Identified a +0 dagger
  1553 | D:3      | Identified a +0 robe
  1557 | D:3      | Identified 7 scrolls of identify
  1557 | D:3      | Identified 2 potions of heal wounds
  1582 | D:3      | Reached skill level 4 in Unarmed Combat
  1583 | D:3      | Reached XP level 5. HP: 17/50 MP: 5/5
  1593 | D:3      | Identified a scroll of immolation
  1594 | D:3      | Identified a scroll of remove curse
  1595 | D:3      | Identified a scroll of random uselessness
  1596 | D:3      | Identified a scroll of blinking
  1597 | D:3      | Identified a scroll of fog
  1607 | D:3      | HP: 12/50 [orc wizard/puff of frost (4)]
  1610 | D:3      | HP: 2/50 [orc wizard/puff of flame (12)]
  1616 | D:3      | Killed from afar by an orc wizard

Table legend:
 A = Turns spent in this place as a percentage of turns spent in the entire game.
 B = Non-inter-level travel turns spent in this place as a percentage of non-inter-level travel turns spent in the entire game.
 C = Inter-level travel turns spent in this place as a percentage of turns spent in this place.
 D = Turns resting spent in this place as a percentage of non-inter-level travel turns spent in this place.
 E = Turns spent auto-exploring this place as a percentage of non-inter-level travel turns spent in this place.
 F = Non-inter-level travel turns spent in this place divided by the number of levels of this place that you've seen.
                   A       B       C       D       E      F
               +-------+-------+-------+-------+-------+----------------------
         Total | 100.0 | 100.0 |   2.6 |   9.8 |  71.0 | 524.7
       Dungeon | 100.0 | 100.0 |   2.6 |   9.8 |  71.0 | 524.7
               +-------+-------+-------+-------+-------+----------------------

Table legend:
 A = Kills in this place as a percentage of kills in entire the game.
 B = Kills by you in this place as a percentage of kills by you in the entire game.
 C = Kills by friends in this place as a percentage of kills by friends in the entire game.
 D = Other kills in this place as a percentage of other kills in the entire game.
 E = Experience gained in this place as a percentage of experience gained in the entire game.
 F = Experience gained in this place divided by the number of levels of this place that you have seen.
                   A       B       C       D       E      F
               +-------+-------+-------+-------+-------+----------------------
         Total | 100.0 | 100.0 |   N/A |   N/A | 100.0 |  74.3
       Dungeon | 100.0 | 100.0 |   N/A |   N/A | 100.0 |  74.3
               +-------+-------+-------+-------+-------+----------------------

Skill      XL: |  1  2  3  4 |
---------------+-------------+-----
Fighting       | 1 2 |  2.4
Dodging        | 2 |  2.8
Unarmed Combat | 4 |  4.1
Spellcasting   | |  1.2
Transmutations | |  1.3

Action                   |  1- 3 |  4- 6 || total
-------------------------+-------+-------++-------
Melee: Unarmed           |    87 |    46 ||   133
  Use: Scroll            |       |     6 ||     6
  Eat: Chunk             |    17 |     3 ||    20
Armor: Robe              |    52 |    18 ||    70
Dodge: Dodged            |    77 |    15 ||    92

Vanquished Creatures
  An orc wizard (D:3)
  An orc priest (D:3)
  An iguana (D:2)
  An adder (D:2)
  A worm (D:3)
  3 dart slugs
  2 leopard geckos
  2 orcs (D:3)
  2 ball pythons
  A giant cockroach (D:3)
  3 goblins
  7 hobgoblins
  9 jackals
  6 bats (D:1)
  3 frilled lizards
  4 kobolds
  3 rats (D:1)
50 creatures vanquished.
